 Dungeon Crawl Stone Soup version 0.26-a0-651-gb41185065b (webtiles) character file.

Game seed: 2104931523788027242

195189 Flugslaktarn the Peltast (level 17, -1/159 HPs)
             Began as a Deep Dwarf Fighter on Oct 22, 2020.
             Was a High Priest of Makhleb.
             Slain by a sea snake (6 damage)
             ... on level 1 of the Shoals.
             The game lasted 00:11:11 (13546 turns).

Flugslaktarn the Peltast (Deep Dwarf Fighter)      Turns: 13546, Time: 00:11:12

Health: -1/159     AC: 28    Str: 23    XL:     17   Next: 70%
Magic:  16/16      EV:  5    Int:  9    God:    Makhleb [*****.]
Gold:   1370       SH: 22    Dex: 14    Spells: 16/16 levels left

rFire    . . .     SeeInvis .   F - +7 war axe (elec)
rCold    . . .     Faith    .   w - +2 tower shield
rNeg     + . .     Spirit   .   f - +0 plate armour
rPois    .         Reflect  .   s - +2 helmet
rElec    .         Harm     .   j - +2 cloak
rCorr    .         Rampage  .   y - +2 pair of gloves
MR       ++++.                  u - +2 pair of boots
Stlth    ..........             (no amulet)
HPRegen  0.00/turn              L - ring of protection from magic
MPRegen  0.15/turn              m - ring of protection from magic

@: mighty, flying, non-regenerating, heavily drained
A: damage resistance, heal wounds, clumsy 1, negative energy resistance 1, sense
surroundings 2, no regeneration
}: 1/15 runes: gossamer
a: Heal Wounds, Minor Destruction, Lesser Servant of Makhleb, Major Destruction,
Greater Servant of Makhleb, Renounce Religion


You were on level 1 of the Shoals.
You worshipped Makhleb.
Makhleb was extremely pleased with you.
You visited 5 branches of the dungeon, and saw 24 of its levels.
You also visited: Bailey.

You collected 1526 gold pieces.
You spent 156 gold pieces at shops.

Inventory:

Hand Weapons
 F - a +7 war axe of electrocution (weapon)
   (You bought it in a shop on level 9 of the Dungeon)
Missiles
 G - 3 throwing nets (quivered)
Armour
 c - a +0 kite shield
 f - a +0 plate armour (worn)
   (You took it off an orc warrior on level 7 of the Dungeon)
 j - a +2 cloak (worn)
   (You found it on level 6 of the Dungeon)
 s - a +2 helmet (worn)
   (You found it on level 4 of the Dungeon)
 u - a +2 pair of boots (worn)
   (You found it on level 5 of the Dungeon)
 w - a +2 tower shield (worn)
   (You found it on level 3 of the Dungeon)
 y - a +2 pair of gloves (worn)
   (You found it on level 6 of the Dungeon)
Jewellery
 m - a ring of protection from magic (right hand)
   (You found it in a bailey)
 o - an uncursed ring of poison resistance
   (You found it on level 10 of the Dungeon)
 L - a ring of protection from magic (left hand)
   (You found it on level 13 of the Dungeon)
 M - a cursed -4 ring of protection {unknown}
   (You found it on level 1 of the Spider Nest)
Wands
 a - a wand of enslavement (2)
   (You took it off Harold on level 9 of the Dungeon)
 g - a wand of digging (10)
   (You found it on level 9 of the Dungeon)
 B - a wand of iceblast (30)
   (You found it on level 6 of the Dungeon)
 E - a wand of paralysis (15)
   (You found it on level 4 of the Dungeon)
 J - a wand of acid (11)
   (You found it on level 7 of the Dungeon)
Scrolls
 e - a scroll of enchant armour
 l - 4 scrolls of magic mapping
 p - a scroll of silence
 r - 3 scrolls of identify
 t - 5 scrolls of teleportation
 x - 14 scrolls of remove curse
 z - 4 scrolls of blinking
 A - a scroll of brand weapon
 D - 2 scrolls of fear
 I - 2 scrolls of holy word
 Q - a scroll of fog
Potions
 b - 5 potions of magic
 d - 5 potions of might
 h - 3 potions of haste
 i - 4 potions of lignification
 k - 4 potions of flight
 n - 6 potions of resistance
 q - 9 potions of curing
 v - 4 potions of mutation
 H - 2 potions of brilliance {unknown}
 O - 2 potions of heal wounds {unknown}
 P - 2 potions of ambrosia
Miscellaneous
 C - a tin of tremorstones (inert)
   (You found it on level 2 of the Lair of Beasts)


   Skills:
 + Level 11.8(9.0) Fighting
 - Level 16.0(12.9) Axes
 + Level 12.7(9.8) Armour
 * Level 18.3(15.1) Shields
 + Level 12.5(9.6) Invocations
 - Level 10.0(7.3) Evocations


You had 16 spell levels left.
You didn't know any spells.
Your spell library was empty.

Dungeon Overview and Level Annotations

Branches:
Dungeon (15/15)            Temple (1/1) D:5            Lair (3/6) D:9
 Shoals (1/4) Lair:3       Spider (4/4) Lair:2          Orc (0/2) D:10
 Vaults (0/5) D:13         Depths (0/5) D:15         Bailey (visited)

Altars:
Ashenzari
Cheibriados
Dithmenos
Elyvilon
Fedhas
Gozag
Hepliaklqana
Kikubaaqudgha
Makhleb
Nemelex Xobeh
Okawaru
Qazlal
Ru
Sif Muna
Trog
Uskayaw
Vehumet
Wu Jian
Xom
Yredelemnul
Zin
The Shining One

Shops:
D:7 *   D:9 (

Annotations:
D:9 2 transporters, ma3's ghost, novice GrFi
Lair:2 exclusion: 2 oklob plants


Innate Abilities, Weirdness & Mutations

You are resistant to damage.
You can heal yourself by infusing magical energy.
You resist negative energy. (rN+)
You passively map the area around you.
You do not regenerate.
You are clumsy. (Dex -2)


Message History

* * * LOW HITPOINT WARNING * * *
You partially resist.
You feel drained.
The merfolk hits you but does no damage.
You closely miss the cacodemon.
The cacodemon is severely wounded.
You miss the sea snake.
The merfolk hits you from afar with a +0 trident.
You block the cacodemon's attack.
The cacodemon hits you but does no damage.
You block the merfolk's attack. x2
The merfolk impaler hits you from afar with a +0 demon trident of draining!
* * * LOW HITPOINT WARNING * * *
You partially resist.
You feel drained.
The merfolk hits you but does no damage.
The merfolk hits you from afar with a +0 trident!
* * * LOW HITPOINT WARNING * * *
The merfolk hits you from afar with a +0 trident!
* * * LOW HITPOINT WARNING * * *
The sea snake bites you!
You die...

, *≈ ≈ ≈ *≈ ≈≈ ≈≈≈≈≈≈≈≈ ≈
≈# * ≈ , ≈≈≈≈≈≈≈≈# ≈≈# *
≈ ≈≈ , ,,.≈≈≈≈≈≈≈≈# ≈*≈≈#
* ≈ ≈ ≈ ,
,....≈≈≈≈≈≈####≈≈####≈≈ ≈
≈ , .......≈≈≈≈≈≈≈≈≈≈≈≈≈m
, ≈≈
,......[...m.m.......≈,,,
, ...≈≈≈≈≈≈≈).......... ≈
≈ ..≈≈≈≈≈≈≈m≈@S.......[ ≈
≈≈ .≈≈≈.≈≈≈≈m)2).......≈
≈ ≈≈ **
..≈≈≈≈≈..mmmm........ ≈
≈≈ ,
.≈≈≈≈≈.<...†).m./.... ≈≈
≈ ,
,,≈≈≈≈.≈(..........≈... ,
, ≈≈≈≈.≈...........≈.!.
,,, ,
.≈≈.........?...≈..≈≈ ,,
,,,,≈P≈..........###..≈≈≈
≈ ≈.>.#(..###.## *..... ,
≈


You could see a cacodemon (summoned), a merfolk impaler, a sea snake, a merfolk
aquamancer and 7 merfolk.

Vanquished Creatures
  Mara (Spider:4)
  Gastronok (Lair:1)
  Kirke (D:15)
  5 ghost moths
  2 emperor scorpions (Spider:4)
  An orc warlord (Bailey)
  Azrael (D:14)
  A dire elephant (D:15)
  A spark wasp (Spider:2)
  Snorg (D:11)
  A merfolk javelineer (Shoals:1)
  Josephine (D:12)
  2 merfolk impalers (Shoals:1)
  Erolcha (D:13)
  4 vault guards (D:13)
  Harold (D:9)
  A catoblepas (D:14)
  2 centaur warriors
  5 two-headed ogres
  A tengu warrior (D:14)
  A merfolk aquamancer (Shoals:1)
  2 unseen horrors
  A harpy (shapeshifter) (D:15)
  2 orc knights (Bailey)
  5 orb spiders
  2 deep elf magi (D:13)
  A faun (Shoals:1)
  5 manticores
  A salamander (D:15)
  9 ugly things
  8 wolf spiders
  A torpor snail (Spider:4)
  A black mamba (Lair:2)
  A water nymph (Shoals:1)
  3 gargoyles
  2 cane toads
  A rime drake (Lair:1)
  5 komodo dragons
  An efreet (D:13)
  A freezing wraith (D:13)
  4 demonic crawlers
  2 tengu conjurers (D:14)
  A harpy zombie (D:15)
  A jumping spider (shapeshifter) (D:15)
  9 jumping spiders
  3 trolls
  3 merfolk
  A wind drake (shapeshifter) (D:14)
  8 hornets
  4 blink frogs (Lair:3)
  A wind drake (Shoals:1)
  A meliai zombie (D:12)
  9 hippogriffs
  A snapping turtle (Lair:3)
  Sigmund (D:3)
  2 shadows
  A vampire (D:8)
  7 hogs (D:15)
  23 redbacks
  23 tarantellas
  13 yaks
  3 wyverns
  A fire elemental (D:14)
  6 wraiths
  Edmund (D:4)
  A warg (D:10)
  A soldier ant (D:14)
  2 acid dragons
  3 hell hounds (D:14)
  2 water moccasins (Lair:3)
  5 porcupines
  A sky beast (D:6)
  15 orc warriors
  A hornet zombie (D:14)
  4 ice beasts
  2 black bears
  3 phantoms
  7 ogres
  An eye of draining (D:6)
  A centaur (D:6)
  3 big kobolds
  2 crocodiles
  14 bullfrogs
  A wyvern zombie (D:13)
  2 water moccasin zombies
  6 scorpions
  A water moccasin skeleton (D:9)
  5 killer bees (D:10)
  6 electric eels
  18 wights
  2 centaur zombies
  5 bullfrog zombies
  A quasit (D:14)
  An iron imp (D:5)
  9 hounds
  15 orc wizards
  6 bullfrog skeletons
  5 centaur skeletons
  7 orc priests
  4 jellies
  8 iguanas
  Jessica (D:2)
  12 worker ants
  A hound zombie (D:11)
  3 hound skeletons
  A howler monkey zombie (D:7)
  2 worker ant zombies
  Robin (D:4)
  13 gnolls (Bailey)
  A howler monkey skeleton (D:5)
  8 adders
  2 shadow imps
  2 ufetubi
  An adder zombie (D:6)
  3 adder skeletons
  2 worms
  A dart slug (D:3)
  3 leopard geckos
  63 orcs
  2 bats
  7 giant cockroaches
  15 hobgoblins
  20 jackals
  8 quokkas
  A frilled lizard (D:3)
  24 goblins
  14 kobolds
  3 quokka skeletons
  2 rats
602 creatures vanquished.

Vanquished Creatures (collateral kills)
  Arachne (Spider:4)
  An entropy weaver (Spider:4)
  2 spark wasps (Spider:4)
  5 hydras
  5 orb spiders (Spider:4)
  A wolf spider (Spider:4)
  A gargoyle (D:13)
  A demonic crawler (Spider:4)
  A troll (D:13)
  2 jumping spiders (Spider:4)
  A blink frog (Lair:3)
  2 tarantellas (Spider:4)
  9 redbacks (Spider:4)
  A basilisk (Lair:2)
  A sky beast (D:13)
34 creatures vanquished.

Vanquished Creatures (others)
  A hydra (D:13)
  A merfolk (Shoals:1)
  A water elemental (Shoals:1)
  A wight (D:12)
  A fungus (Lair:2)
  16 plants
21 creatures vanquished.

Grand Total: 657 creatures vanquished

Notes
Turn   | Place    | Note
-------+----------+-------------------------------------------
     0 | D:1      | Flugslaktarn the Deep Dwarf Fighter began the quest for the
                  | Orb.
     0 | D:1      | Reached XP level 1. HP: 20/20 MP: 1/1
    68 | D:2      | Found a shimmering blue altar of Sif Muna.
    83 | D:2      | Reached XP level 2. HP: 21/27 MP: 2/2
   207 | D:2      | Reached XP level 3. HP: 22/34 MP: 3/3
   218 | D:2      | Noticed Jessica
   226 | D:2      | Killed Jessica
   395 | D:3      | Reached XP level 4. HP: 16/42 MP: 4/4
   591 | D:4      | Noticed an ogre
   606 | D:4      | Reached XP level 5. HP: 31/50 MP: 4/4
   618 | D:4      | Killed an ogre
   618 | D:4      | Reached skill level 4 in Shields
   680 | D:4      | Reached XP level 6. HP: 47/57 MP: 5/5
   802 | D:4      | Noticed Edmund
   811 | D:4      | Killed Edmund
   811 | D:4      | Reached skill level 5 in Axes
   811 | D:4      | Reached XP level 7. HP: 58/66 MP: 6/6
   857 | D:4      | Reached skill level 5 in Fighting
  1233 | D:4      | Noticed Robin
  1241 | D:4      | Killed Robin
  1261 | D:5      | Entered Level 5 of the Dungeon
  1347 | D:5      | Reached skill level 5 in Shields
  1375 | D:5      | Found a staircase to the Ecumenical Temple.
  1387 | D:5      | Reached skill level 5 in Armour
  1657 | Temple   | Entered the Ecumenical Temple
  1936 | D:5      | Found a snail-covered altar of Cheibriados.
  1970 | D:6      | Reached XP level 8. HP: 66/75 MP: 7/7
  2252 | D:6      | Reached skill level 6 in Shields
  2330 | D:6      | Gained mutation: You passively map the area around you.
                  | [Deep Dwarf growth]
  2330 | D:6      | Reached XP level 9. HP: 71/85 MP: 8/8
  2940 | D:7      | Found a basalt altar of Yredelemnul.
  3035 | D:7      | Found a blossoming altar of Fedhas.
  3175 | D:7      | Found Ynakhaiz's Assorted Antiques.
  3695 | D:8      | Reached skill level 7 in Shields
  4390 | D:3      | Noticed Sigmund
  4397 | D:3      | Killed Sigmund
  4680 | D:3      | Found a burning altar of Makhleb.
  4680 | D:3      | Found a hide-covered altar of Uskayaw.
  4687 | D:3      | Found a bloodstained altar of Trog.
  4689 | D:3      | Became a worshipper of Makhleb the Destroyer
  4842 | D:9      | Reached XP level 10. HP: 38/96 MP: 8/8
  4958 | D:9      | Noticed a moth of wrath
  4964 | D:9      | Found a staircase to the Lair.
  4973 | D:9      | Reached skill level 1 in Invocations
  4973 | D:9      | Reached skill level 1 in Evocations
  4986 | D:9      | Noticed an ice dragon
  4986 | D:9      | Noticed ma3's ghost (novice GrFi)
  4993 | D:9      | Found a transporter.
  5119 | D:9      | Found Lophihul's Antique Weapon Boutique.
  5122 | D:9      | Bought a runed war axe for 156 gold pieces
  5216 | D:9      | Noticed Harold
  5236 | D:9      | Killed Harold
  5236 | D:9      | Reached skill level 8 in Shields
  5411 | D:9      | Reached * piety under Makhleb
  5528 | D:9      | Found a transporter.
  5528 | D:9      | Noticed a seven-headed hydra
  6005 | D:10     | Entered Level 10 of the Dungeon
  6052 | D:10     | Reached skill level 10 in Axes
  6124 | D:10     | Found a flagged portal.
  6145 | Bailey   | Entered a bailey
  6237 | Bailey   | Noticed an orc knight
  6259 | Bailey   | Killed an orc knight
  6293 | Bailey   | Reached ** piety under Makhleb
  6363 | Bailey   | Noticed an orc warlord
  6364 | Bailey   | Noticed an orc knight
  6375 | Bailey   | Reached skill level 9 in Shields
  6384 | Bailey   | Killed an orc warlord
  6384 | Bailey   | Reached XP level 11. HP: 93/103 MP: 11/11
  6386 | Bailey   | Killed an orc knight
  6465 | D:10     | Identified a scroll of acquirement
  6465 | D:10     | Acquired a manual of Shields
  6493 | D:10     | Reached XP level 12. HP: 112/112 MP: 13/13
  6613 | D:10     | Found a staircase to the Orcish Mines.
  6633 | D:10     | Reached *** piety under Makhleb
  7087 | D:11     | Reached skill level 10 in Shields
  7136 | D:11     | Noticed Snorg
  7160 | D:11     | Killed Snorg
  7160 | D:11     | Reached skill level 5 in Evocations
  7252 | D:11     | Reached **** piety under Makhleb
  7252 | D:11     | Reached skill level 5 in Invocations
  7856 | D:12     | Reached skill level 11 in Shields
  7979 | D:12     | Noticed Josephine
  7988 | D:12     | Noticed a two-headed ogre
  8005 | D:12     | Killed Josephine
  8005 | D:12     | Killed a two-headed ogre
  8032 | D:12     | Noticed a two-headed ogre
  8044 | D:12     | Killed a two-headed ogre
  8337 | D:13     | Noticed a two-headed ogre
  8345 | D:13     | Reached ***** piety under Makhleb
  8348 | D:13     | Killed a two-headed ogre
  8348 | D:13     | Reached skill level 12 in Shields
  8378 | D:13     | Noticed a two-headed ogre
  8384 | D:13     | Noticed an eight-headed hydra
  8396 | D:13     | Reached XP level 13. HP: 61/121 MP: 14/14
  8556 | D:13     | Found a gate to the Vaults.
  8606 | D:13     | Reached skill level 15 in Axes
  8623 | D:13     | Reached skill level 13 in Shields
  8725 | D:13     | Noticed Erolcha
  8734 | D:13     | Killed Erolcha
  8978 | D:14     | Noticed Azrael
  9005 | D:14     | Killed Azrael
  9154 | D:14     | Reached skill level 14 in Shields
  9432 | D:15     | Entered Level 15 of the Dungeon
  9448 | D:15     | Reached skill level 10 in Armour
  9486 | D:15     | Gained mutation: You resist negative energy. (rN+) [Deep
                  | Dwarf growth]
  9486 | D:15     | Reached XP level 14. HP: 130/130 MP: 17/17
  9574 | D:15     | Identified the +6 shortbow of the Wheel {venom, rN+ Int-2
                  | Dex+4}
  9875 | D:15     | Noticed Kirke
  9895 | D:15     | Reached skill level 15 in Shields
  9904 | D:15     | Killed Kirke
 10016 | D:15     | Reached skill level 10 in Fighting
 10186 | D:15     | Found a staircase to the Depths.
 10439 | Lair:1   | Entered Level 1 of the Lair of Beasts
 10469 | Lair:1   | Noticed Gastronok
 10485 | Lair:1   | Killed Gastronok
 10801 | Lair:2   | Found a hole to the Spider Nest.
 11968 | Lair:3   | Found a staircase to the Shoals.
 12066 | Spider:1 | Entered Level 1 of the Spider Nest
 12083 | Spider:1 | Reached skill level 16 in Shields
 12328 | Spider:2 | Reached ****** piety under Makhleb
 12415 | Spider:4 | Entered Level 4 of the Spider Nest
 12474 | Spider:4 | Reached skill level 10 in Evocations
 12501 | Spider:4 | Reached skill level 10 in Invocations
 12536 | Spider:4 | Noticed Mara
 12541 | Spider:4 | Noticed Arachne
 12549 | Spider:4 | Noticed Flugslaktarn's illusion
 12568 | Spider:4 | Killed Mara
 12568 | Spider:4 | Reached XP level 15. HP: 137/140 MP: 15/15
 12585 | Spider:4 | Killed Arachne
 12718 | Spider:4 | Reached skill level 17 in Shields
 12718 | Spider:4 | Reached XP level 16. HP: 53/150 MP: 16/16
 12719 | Spider:4 | Reached XP level 17. HP: 55/157 MP: 17/17
 13091 | Spider:4 | Reached skill level 18 in Shields
 13115 | Spider:4 | Got a gossamer rune of Zot
 13469 | Shoals:1 | Entered Level 1 of the Shoals
 13537 | Shoals:1 | Gained mutation: You are clumsy. (Dex -2) [a cacodemon]
 13546 | Shoals:1 | HP: 5/159 [merfolk/+0 trident (7)]
 13546 | Shoals:1 | Slain by a sea snake

Illustrated notes

Levels and vault maps discovered:
D:1:      ebering_trefoil_3fold, layout_basic
D:2:      layout_basic, nicolae_overflow_crystal_walls, uniq_jessica
D:3:      layout_loops_ring, chequers_temple_overflow_minitemple, uniq_sigmund
D:4:      layout_loops_ring, uniq_robin, uniq_edmund
D:5:      layout_basic, slow_altar_2, temple_statues
D:6:      wad_crossroads, layout_rooms, minmay_small_thing
D:7:      layout_cave_pods, fedhas_altar_1, serial_shops, shop, basic_altar
D:8:      layout_loops_ring
D:9:      layout_layer_cave, lair_entry_dummy, serial_shops,
          kennysheep_mini_moat, gammafunk_ghost_berserking_beasts,
          hangedman_fish_farm, uniq_harold
D:10:     layout_roguey, david_orc_3, enter_bailey_2
D:11:     layout_basic, uniq_snorg
D:12:     layout_irregular_city, uniq_josephine
D:13:     layout_rooms, lightli_vaults_fourway_checkpoint, bh_walls_and_bars,
          uniq_erolcha
D:14:     layout_roguey, serial_park_square3 [serial_park_minivault_5x5_1],
          uniq_azrael
D:15:     hangedman_depths_entry_try_elsewhere_first, layout_basic,
          minmay_strange_pillars, uniq_kirke
Temple:   eino_temple_scatter_basement
Lair:1:   layout_gridlike, minivault_19, minmay_holes,
          chequers_serial_rivers_large_a, beast_lair_carwin_2,
          lemuel_fruit_tree, uniq_gastronok, uniq_urug
Lair:2:   layout_cave_pods, dummy_spider_entry, minmay_lair_oklob_chamber,
          grunt_megastairs_2
Lair:3:   layout_big_grid, minmay_shoals_entry_hut
Shoals:1: layout_shoals, serial_shops, nicolae_shop_crystal, st_sunken_huts
Spider:1: layout_spider_delve, einodemon_crawler_minivault
Spider:2: layout_spider_delve
Spider:3: layout_spider_delve, nicolae_orb_island
Spider:4: spider_rune_water, ebering_ghost_disaster_area,
          spiders_nest_spider_trap, uniq_arachne, uniq_mara

Skill      XL: |  1  2  3  4  5  6  7  8  9 10 11 12 13 14 15 16 17 |
---------------+----------------------------------------------------+-----
Fighting       | 3 4 5 6 7 8 9 10 11 | 11.8
Axes           | 3 4 5 6 7 9 10 13 14 15 16 | 16.0
Armour         | 4 5 6 7 8 9 10 11 12 | 12.7
Shields        | 4 5 6 7 9 12 14 16 17 18 | 18.3
Invocations    | 3 4 6 8 10 11 12 | 12.5
Evocations     | 4 6 8 10 | 10.0

Action                   |  1- 3 |  4- 6 |  7- 9 | 10-12 | 13-15 | 16-18 || total
-------------------------+-------+-------+-------+-------+-------+-------++-------
Melee: War axe           |    75 |   102 |   499 |   475 |   813 |   178 ||  2142
Invok: Lesser Servant of |       |       |       |     2 |     9 |     2 ||    13
       Greater Servant o |       |       |       |       |     3 |     3 ||     6
 Abil: Heal Wounds       |       |     7 |     6 |    10 |    13 |    10 ||    46
Evoke: Wand              |       |       |       |     3 |     8 |       ||    11
       Tin of tremorston |       |       |       |       |     1 |     4 ||     5
  Use: Scroll            |       |       |    16 |    10 |    12 |       ||    38
       Potion            |       |       |       |     5 |     1 |     4 ||    10
 Stab: Distracted        |       |       |       |       |     6 |     4 ||    10
       Confused          |       |       |       |       |     4 |       ||     4
Armor: Scale mail        |    37 |    37 |    94 |       |       |       ||   168
       Plate armour      |       |       |   110 |   190 |   473 |   248 ||  1021
       Chain mail        |       |       |     7 |       |       |       ||     7
Dodge: Dodged            |    36 |    29 |    51 |    33 |    87 |    51 ||   287
Block: Kite shield       |    55 |     9 |       |       |       |       ||    64
       Tower shield      |       |    82 |   418 |   457 |   823 |   333 ||  2113

Table legend: (Time is in decaauts)
 A = Elapsed time spent in this place.
 B = Non-inter-level travel time spent in this place.
 C = Inter-level travel time spent in this place.
 D = Time resting spent in this place.
 E = Time spent auto-exploring this place.
 F = Levels seen in this place.
 G = Mean time per level.
                   A        B        C        D        E       F      G
               +--------+--------+--------+--------+--------+-----+--------+
         Total |  13546 |  12452 |   1094 |    181 |   8465 |  25 |  541.8 |
       Dungeon |  10096 |   9488 |    608 |    157 |   6633 |  15 |  673.1 |
        Temple |    138 |    120 |     18 |      0 |    119 |   1 |  138.0 |
          Lair |   1695 |   1414 |    281 |      0 |   1175 |   3 |  565.0 |
        Shoals |     70 |     70 |      0 |      0 |      0 |   1 |   70.0 |
   Spider Nest |   1238 |   1053 |    185 |     24 |    413 |   4 |  309.5 |
        Bailey |    307 |    307 |      0 |      0 |    124 |   1 |  307.0 |
               +--------+--------+--------+--------+--------+-----+--------+

Top non-repeatable levels by time:
     D:9: 1267 daAuts
  Lair:2: 1182 daAuts
     D:7: 909 daAuts
    D:15: 848 daAuts
     D:6: 841 daAuts
     D:4: 827 daAuts
Spider:4: 803 daAuts
    D:12: 723 daAuts
     D:8: 714 daAuts
    D:11: 684 daAuts
    D:10: 639 daAuts
    D:13: 601 daAuts
     D:5: 599 daAuts
     D:3: 526 daAuts
    D:14: 493 daAuts
